 Dungeon Crawl Stone Soup version 0.28.0-53-g5a82cb258f (webtiles) character file.

Game seed: 10778922126960485744

31 protoss039 the Digger (level 3, 26/26 HPs)
             Began as a Demonspawn Earth Elementalist on June 1, 2022.
             Got out of the dungeon alive.
             The game lasted 00:01:40 (1086 turns).

protoss039 the Digger (DsEE)                        Turns: 1086, Time: 00:01:40

Health: 26/26      AC:  3    Str:  8    XL:     3   Next: 7%
Magic:  6/6        EV: 11    Int: 18    God:
Gold:   36         SH:  0    Dex: 13    Spells: 5/6 levels left

rFire   . . .      SeeInvis .   e - +0 rapier
rCold   . . .      Faith    .   (no shield)
rNeg    . . .      Spirit   .   j - +0 leather armour
rPois   .          Reflect  .   (no helmet)
rElec   .          Harm     .   (no cloak)
rCorr   .          Rampage  .   (no gloves)
Will    .....                   (no boots)
Stlth   ++........              (no amulet)
HPRegen 0.08/turn               (no ring)
MPRegen 0.10/turn               (no ring)

@: no status effects
A: claws 1, powered by death 1
a: no special abilities


You escaped.
You visited 1 branch of the dungeon, and saw 2 of its levels.

You collected 36 gold pieces.

Inventory:

Hand Weapons
 e - a +0 rapier (weapon)
Missiles
 c - 17 stones
Armour
 j - a +0 leather armour (worn)
Scrolls
 a - a scroll of teleportation {unknown}
 h - a scroll of fear {unknown}
Potions
 d - 2 potions of might {unknown}
 f - a potion of heal wounds {unknown}
 g - a potion of curing {unknown}
 i - a potion of lignification {unknown}


   Skills:
 * Level 1.5 Fighting
 + Level 0.9 Armour
 - Level 1.7 Dodging
 - Level 1.7 Stealth
 + Level 2.3 Spellcasting
 - Level 1.0 Transmutations
 + Level 2.9 Earth Magic


You had 5 spell levels left.
You knew the following spells:

 Your Spells              Type           Power      Damage    Failure   Level
a - Sandblast             Erth           24%        2d8       8%          1

Your spell library contained the following spells:

 Spells                   Type           Power      Damage    Failure   Level
 Passwall                 Tmut/Erth      7%         N/A       17%         2
 Stone Arrow              Conj/Erth      14%        3d7       38%         3
 Petrify                  Tmut/Erth      9%         N/A       73%         4


Dungeon Overview and Level Annotations

Branches:
Dungeon (2/15)

Altars:


Innate Abilities, Weirdness & Mutations

You have sharp fingernails.
You regenerate a little health from kills.


Message History

You start putting on your armour.
You continue putting on your +0 leather armour. x5
You finish putting on your +0 leather armour.
You drop a +0 robe.
You see here 2 poisoned darts.
There is a stone staircase leading down here.
You climb downwards.
There is a stone staircase leading up here.
Unknown command.
An adder comes into view.
The adder hisses angrily.
The adder moves out of view.
An adder is nearby!
An adder is nearby!
Casting: Sandblast (safe; 9% risk of failure)
Confirm with . or Enter, or press ? or * to list all spells.
Aiming: Sandblast (safe; 9% risk of failure)
Press: ? - help, Shift-Dir - straight line, f - adder
Aim: an adder (66% to hit)
The blast of sand hits the adder!
The adder is severely wounded.
Unknown command.
You hit the adder.
You kill the adder!
You have reached level 3!
Your experience leads to an increase in your attributes!
Increase (S)trength, (I)ntelligence, or (D)exterity?
You feel clever. x2
You feel monstrous as your demonic heritage exerts itself.
Your demonic ancestry asserts itself...
Your fingernails lengthen.
Unknown command.
There is a stone staircase leading up here.
You climb upwards.
There is a stone staircase leading down here.
Magic restored.
There is an open door here.
There is a staircase leading out of the dungeon here.
Are you sure you want to leave the Dungeon?
This will make you lose the game!
You have escaped!

##...#..#'#..#####.####### #.#
..#+#####.########.#####^#####.##
#.............................#..
####.###########.######..#####.##
#.#....# ###'### #..# #.#
#.#..#.# ##.....## #### #.#
####.'....# #.......# ####.##
..####..#.# #..###..# #...... ###
#....# ##..@..## #.#####
######### ##############.# #
#.....# #..........(..# # #..####
###.##.######.# # #..# #.##.# #.#
# ###..####### #.##.# #.# #
#...†......# ####.##.## #.# #
#.##.####..# #......#.## #.# #
#.##.# #..# #.###[###.# #.#####


There were no monsters in sight!

Vanquished Creatures
  An adder (D:2)
  3 endoplasms (D:1)
  A giant cockroach (D:1)
  3 goblins (D:1)
  2 hobgoblins (D:1)
  2 jackals (D:1)
  A kobold (D:1)
  A quokka (D:1)
  A ball python (D:1)
  2 frilled lizards (D:1)
  3 rats (D:1)
20 creatures vanquished.

Notes
Turn   | Place    | Note
-------+----------+-------------------------------------------
     0 | D:1      | protoss039 the Demonspawn Earth Elementalist began the
                  | quest for the Orb.
     0 | D:1      | Reached XP level 1. HP: 13/13 MP: 3/3
    94 | D:1      | Reached skill level 1 in Transmutations
   312 | D:1      | Gained mutation: You regenerate a little health from kills.
                  | [demonic ancestry]
   312 | D:1      | Reached XP level 2. HP: 14/20 MP: 3/5
   527 | D:1      | Reached skill level 1 in Fighting
   921 | D:1      | Found a faded altar of an unknown god.
  1052 | D:2      | Discovered your monstrous ancestry.
  1052 | D:2      | Gained mutation: You have sharp fingernails. [demonic
                  | ancestry]
  1052 | D:2      | Reached XP level 3. HP: 26/26 MP: 4/6
  1086 | D:$      | Got out of the dungeon alive.

Illustrated notes

Levels and vault maps discovered:
D:1:      dpeg_arrival_renting, layout_loops_ring,
          shapermc_ecumenical_altar_mp_highgroup
D:2:      layout_loops_ring, kennysheep_generic_room_11

Skill      XL: |  1  2 |
---------------+-------+-----
Transmutations | 1 |  1.0
Fighting       | 1 |  1.5
Armour         | |  0.9
Dodging        | |  1.7
Stealth        | |  1.7
Spellcasting   | |  2.3
Earth Magic    | |  2.9

Action                   || total
-------------------------++-------
Melee: Rapier            ||    24
       Unarmed           ||     4
       Punch             ||     1
 Cast: Sandblast         ||    13
 Stab: Sleeping          ||     3
Armor: Robe              ||     5
Dodge: Dodged            ||    18
